 Dungeon Crawl Stone Soup version 0.31.0-4-g52a2dc7128 (webtiles) character file.

Game seed: 2071831192940460176

1435 apoch the Basher (level 8, -2/58 HPs)
             Began as a Demonspawn Fighter on Jan 22, 2024.
             Killed by divine providence
             ... invoked by an orc priest
              (16 damage)
             ... on level 6 of the Dungeon.
             The game lasted 00:09:01 (4189 turns).

apoch the Basher (Demonspawn Fighter)               Turns: 4189, Time: 00:09:01

Health: -2/58      AC:  8    Str: 25    XL:     8   Next: 45%
Magic:  8/8        EV: 14    Int:  8    God:
Gold:   378        SH:  5    Dex: 13    Spells: 7/7 levels left

rFire   . . .        x - +0 morningstar
rCold   . . .        c - +1 buckler
rNeg    . . .        b - +0 scale mail
rPois   .            (helmet restricted)
rElec   .            (no cloak)
rCorr   .            (no gloves)
SInv    .            (no boots)
Will    .....        u - amulet of regeneration Stlth
                     o - +5 ring of evasion
HPRegen 1.09/turn    e - +6 ring of strength
MPRegen 0.11/turn

%: no passive effects
@: studying Earth Magic
A: horns 2, slimy green scales 1, demonic magic 2
a: no special abilities


You were on level 6 of the Dungeon.
You visited 1 branch of the dungeon, and saw 6 of its levels.

You collected 378 gold pieces.

Inventory:

Hand Weapons
 a - a +1 flail
 x - a +0 morningstar (weapon)
Missiles
 f - 4 atropa-tipped darts
 k - 5 boomerangs
 q - 14 poisoned darts
 t - 10 stones (quivered)
 w - a throwing net
Armour
 b - a +0 scale mail (worn)
 c - a +1 buckler (worn)
Jewellery
 e - a +6 ring of strength (right hand)
 o - a +5 ring of evasion (left hand)
 u - an amulet of regeneration (around neck)
Wands
 p - a wand of light (14)
 v - a wand of roots (8)
Scrolls
 g - 2 scrolls of fog
 n - a scroll of amnesia
 y - a scroll of teleportation
Potions
 d - a potion of might
 h - 2 potions of haste
 i - a potion of degeneration
 l - a potion of resistance
 m - a potion of curing
 r - a potion of berserk rage {unknown}
 s - a potion of magic {unknown}


   Skills:
 - Level 3.0 Fighting
 + Level 9.8 Maces & Flails
 - Level 2.6 Armour
 - Level 2.6 Shields


You had 7 spell levels left.
You didn't know any spells.
Your spell library was empty.

Dungeon Overview and Level Annotations

Branches:
Dungeon (6/15)
 Temple: D:4-7

Altars:
Ashenzari
Okawaru
Trog
Vehumet


Innate Abilities, Weirdness & Mutations

You have a pair of horns on your head.
You are partially covered in slimy green scales. (AC +2)
Spells you cast may paralyse nearby enemies.


Message History

The orc priest begins to cast a cantrip, but forgets the words!
The orc priest shouts!
You sock the orc priest!
You kill the orc priest!
You feel sick.
You closely miss something.
You feel sick. Something hits you.
You miss something. Your headbutt misses something.
You feel sick. Something hits you but does no damage.
You miss something.
You feel sick. Something hits you but does no damage.
You bludgeon something!!
Reactivating autopickup.
You feel a bit more experienced.
You feel sick.
You are no longer poisoned.
The orc priest calls down the wrath of Beogh upon you.
Beogh smites you!
* * * LOW HITPOINT WARNING * * *
Your life force feels restored.
You feel much better.
The iguana bites you but does no damage.
The orc priest looks encouraged for a moment.
You puncture the iguana!
The iguana is severely wounded.
The iguana barely misses you.
The orc priest invokes the aid of Beogh against you.
Beogh smites you!
You closely miss the iguana.
The iguana is severely wounded.
The iguana bites you. The iguana bites you!
* * * LOW HITPOINT WARNING * * *
You sock the iguana!
You kill the iguana!
You hit the sleepcap. You headbutt the sleepcap!
The sleepcap is moderately damaged.
The sleepcap misses you.
You hit the sleepcap.
The sleepcap is heavily damaged.
You block the sleepcap's attack.
The orc priest invokes the aid of Beogh against you.
Beogh smites you!
You die...

## ..# ## #.# ...
... #... #.# .....
#.# ......######.##
..[..of@......######
......####..........
..... ##...######
#.# #...
..#####.....# #.#
..#
......#####.#####.#
.
...............##.#
#.###.#####.##.##.#
# #.##.##.#
#.##.##.#


You could see a sleepcap and an orc priest.

Vanquished Creatures
  Duvessa (D:5)
  An ogre (D:3)
  2 phantoms
  A kobold brigand (D:6)
  A gnoll sergeant (D:5)
  A bullfrog (D:6)
  5 wights (D:6)
  Dowan (D:5)
  A bombardier beetle (D:5)
  A hound (D:5)
  2 orc priests
  A sleepcap (D:6)
  5 iguanas
  3 orc wizards
  7 adders
  9 gnolls
  A ribbon worm (D:4)
  4 dart slugs
  4 orcs
  5 ball pythons
  7 endoplasms
  15 giant cockroaches
  4 hobgoblins
  2 jackals (D:2)
  3 quokkas
  5 bats
  9 frilled lizards
  6 goblins
  8 kobolds
  5 rats
120 creatures vanquished.

Notes
Turn   | Place    | Note
-------+----------+-------------------------------------------
     0 | D:1      | apoch the Demonspawn Fighter began the quest for the Orb.
     0 | D:1      | Reached XP level 1. HP: 18/18 MP: 1/1
    20 | D:1      | Reached skill level 2 in Maces & Flails
   136 | D:1      | Gained mutation: Spells you cast may paralyse adjacent
                  | enemies. [demonic ancestry]
   136 | D:1      | Reached XP level 2. HP: 24/24 MP: 2/2
   241 | D:1      | Reached skill level 3 in Maces & Flails
   620 | D:1      | Reached XP level 3. HP: 29/29 MP: 3/3
  1856 | D:3      | Found an iron altar of Okawaru.
  1882 | D:3      | Gained mutation: You have a pair of small horns on your
                  | head. [demonic ancestry]
  1882 | D:3      | Reached XP level 4. HP: 35/35 MP: 4/4
  1893 | D:3      | Reached skill level 4 in Maces & Flails
  2046 | D:3      | Noticed an ogre
  2049 | D:3      | Killed an ogre
  2050 | D:3      | Reached skill level 5 in Maces & Flails
  2050 | D:3      | Gained mutation: You have a pair of horns on your head.
                  | [demonic ancestry]
  2050 | D:3      | Reached XP level 5. HP: 41/41 MP: 5/5
  2060 | D:3      | Found a broken altar of Ashenzari.
  2967 | D:5      | Entered Level 5 of the Dungeon
  3035 | D:5      | Found a radiant altar of Vehumet.
  3036 | D:5      | Noticed a phantom
  3052 | D:5      | Killed a phantom
  3053 | D:5      | Reached skill level 6 in Maces & Flails
  3053 | D:5      | Reached XP level 6. HP: 46/47 MP: 6/6
  3201 | D:5      | Noticed Dowan
  3242 | D:5      | Noticed Duvessa
  3270 | D:5      | Killed Duvessa
  3279 | D:5      | Killed Dowan
  3280 | D:5      | Reached skill level 7 in Maces & Flails
  3280 | D:5      | Gained mutation: Spells you cast may paralyse nearby
                  | enemies. [demonic ancestry]
  3280 | D:5      | Reached XP level 7. HP: 45/52 MP: 7/7
  3687 | D:5      | Reached skill level 8 in Maces & Flails
  3904 | D:6      | Found a bloodstained altar of Trog.
  3914 | D:6      | Gained mutation: You are partially covered in slimy green
                  | scales. (AC +2) [demonic ancestry]
  3914 | D:6      | Reached XP level 8. HP: 58/58 MP: 8/8
  3923 | D:6      | Identified the +6 dagger of Sloth {venom, Str+3}
  4027 | D:6      | Reached skill level 9 in Maces & Flails
  4189 | D:6      | Killed from afar by an orc priest

Illustrated notes

Levels and vault maps discovered:
D:1:      dpeg_arrival_rooms_b, layout_rooms, st_stairs_11
D:2:      minmay_roachtagon, layout_basic
D:3:      layout_loops_ring, amcnicky_altar_gilded, ashenzari_altar_1,
          minmay_lizard_king
D:4:      layout_rooms
D:5:      layout_loops_cross, kennysheep_little_box, uniq_duvessa
D:6:      layout_loops_ring, bloody_trog

Skill      XL: |  1  2  3  4  5  6  7  8 |
---------------+-------------------------+-----
Maces & Flails | 2 3 5 6 7 8 9 |  9.8
Fighting       | |  3.0
Armour         | |  2.6
Shields        | |  2.6

Action                     |  1- 3 |  4- 6 |  7- 9 || total
---------------------------+-------+-------+-------++-------
  Melee: Flail             |   151 |   123 |   111 ||   385
         Headbutt          |       |    24 |    25 ||    49
         Morningstar       |       |       |    35 ||    35
  Throw: Stone             |    21 |     3 |     8 ||    32
    Use: Scroll            |     6 |     6 |     2 ||    14
         Potion            |       |     3 |     1 ||     4
 Armour: Scale mail        |   123 |    63 |    68 ||   254
  Dodge: Dodged            |    75 |    67 |    65 ||   207
  Block: Buckler           |    38 |    36 |    28 ||   102
